 Dungeon Crawl Stone Soup version 0.13.0-29-gdb529de (webtiles) character file.

1004 MackTheKnife the Archer (level 7, -8/44 HPs)
             Began as a High Elf Hunter on Nov 5, 2013.
             Mangled by Econoterrorist's ghost (20 damage)
             ... on Level 6 of the Dungeon.
             The game lasted 00:14:09 (4574 turns).

MackTheKnife the Archer (High Elf Hunter)           Turns: 4574, Time: 00:14:09

HP  -8/44        AC  5     Str 11      XL: 7   Next: 43%
MP  20/20        EV 14     Int 16      God:
Gold 279         SH  0     Dex 17      Spells:  0 memorised,  6 levels left

Res.Fire  : . . .   See Invis. : .   a - +0 trident
Res.Cold  : . . .   Warding    : .   d - +0 elf leather armour
Life Prot.: . . .   Conserve   : .   (no shield)
Res.Poison: .       Res.Corr.  : .   (no helmet)
Res.Elec. : .       Clarity    : .   (no cloak)
Sust.Abil.: . .     Spirit.Shd : .   m - +0 pair of gauntlets
Res.Mut.  : .       Stasis     : .   y - +0 pair of boots
Res.Rott. : .       Flight     : .   (no amulet)
Saprovore : . . .                    x - cursed ring of magical power
                                     r - ring of protection from magic

@: quite resistant to hostile enchantments, unstealthy
A: no striking features
a: no special abilities


You were on level 6 of the Dungeon.
You were not hungry.

You visited 1 branch of the dungeon, and saw 6 of its levels.

You collected 259 gold pieces.


   Skills:
 - Level 1.0 Fighting
 - Level 10.1 Bows
 + Level 5.7 Dodging
 - Level 1.1 Stealth


You had 6 spell levels left.
You didn't know any spells.

Inventory:

Hand weapons
 a - a +0,+0 trident (weapon)
 b - a +4,+1 elven bow
Missiles
 c - 13 arrows
 i - 16 poisoned arrows
Armour
 d - a +0 elven leather armour (worn)
 m - a +0 pair of gauntlets (worn)
 y - a +0 pair of boots (worn)
 C - a cursed +1 dwarven buckler
Comestibles
 f - 4 bread rations
 g - an apple
 q - 11 grapes
 v - 2 meat rations
 z - 2 pears
Scrolls
 h - a scroll of remove curse
 j - a scroll of identify
 k - a scroll of enchant weapon I
Jewellery
 r - a ring of protection from magic (left hand)
 x - a cursed ring of magical power (right hand)
Potions
 e - a potion of resistance {unknown}
 l - a potion of magic {unknown}
 n - a potion of heal wounds {unknown}
 o - a potion of slowing {unknown}
 p - 2 potions of brilliance
 s - a potion of poison {unknown}
 t - a potion of agility {unknown}
 u - 3 potions of curing {unknown}
 w - a potion of speed {unknown}
 B - a potion of restore abilities {unknown}

▒·········▒
··▒
▒·········▒
·····▒
▒·········▒▒▒
······▒
▒········5'·▒
·······▒
▒······r·r▒!▒
·······p▒
▒·······@·▒·▒
<····?··▒
▒·······5·▒
········▒
▒······rbp▒
▒········▒
▒········e▒
▒·······<▒
▒·········▒
▒··········
▒·········▒
········▒▒
▒▒▒▒▒▒▒▒▒▒▒
········▒
········▒
▒▒▒▒▒▒▒▒


You could see Eustachio, an iron imp, Econoterrorist's ghost, 2 green rats, a
white imp, a bat and a rat.


Message History

You closely miss the grey rat.
The grey rat is almost dead.
The grey rat closely misses you. The rat bites you. The grey rat bites you.
You hit the grey rat.
You kill the grey rat!
The rat closely misses you.
You barely miss the rat. The rat misses you.
Econoterrorist's ghost opens the door.
The rat bites you.
Found 2 orange potions.
You hit the rat.
You kill the rat!
You closely miss Eustachio.
Eustachio is moderately wounded.
Eustachio hits you with a sabre.
Unknown command.
Econoterrorist's ghost hits you!
Ouch! That really hurt!
* * * LOW HITPOINT WARNING * * *
Eustachio gestures wildly while chanting.
The bat completely misses you. The bat misses you. The bat misses you.
The bat closely misses you. The bat hits you but does no damage.
The bat hits you.
* * * LOW HITPOINT WARNING * * *
Eustachio mumbles some strange words.
There is a stone staircase leading up here.
The bat closely misses you. Econoterrorist's ghost hits you!
You die...

Action                   |  1- 3 |  4- 6 |  7- 9 || total
-------------------------+-------+-------+-------++-------
Melee: Short sword       |    10 |       |       ||    10
       Trident           |       |    12 |    34 ||    46
 Fire: Bow               |    73 |   120 |    44 ||   237
  Use: Scroll            |       |    12 |     3 ||    15
       Potion            |       |     2 |       ||     2
 Stab: Sleeping          |       |       |     1 ||     1

Vault maps used:
D:1:      lemuel_entry_rhombus
D:3:      vehumet_crystals, feat_on_display
D:4:      grunt_temple_overflow_order_and_chaos_1, first_bread,
          hangedman_decor_peaks_small, minivault_19, supply_closet_lemuel,
          uniq_prince_ribbit1
D:5:      beetle_altar_1, trog_wizard
D:6:      elyvilon_altar_5, minmay_temple_entry_crystal_x, worms_lemuel,
          uniq_eustachio

Notes
Turn   | Place    | Note
--------------------------------------------------------------
     0 | D:1      | MackTheKnife, the High Elf Hunter, began the quest for the Orb.
     0 | D:1      | Reached XP level 1. HP: 14/14 MP: 1/1
   309 | D:1      | Reached XP level 2. HP: 16/19 MP: 2/2
   431 | D:1      | Reached skill level 6 in Bows
   980 | D:2      | Reached XP level 3. HP: 24/24 MP: 4/4
  1390 | D:2      | Reached skill level 7 in Bows
  1633 | D:2      | Reached XP level 4. HP: 29/29 MP: 6/6
  1858 | D:3      | Reached skill level 8 in Bows
  2203 | D:3      | Reached XP level 5. HP: 18/34 MP: 7/7
  2352 | D:3      | Found a radiant altar of Vehumet.
  2584 | D:3      | Reached skill level 3 in Dodging
  2760 | D:4      | Reached XP level 6. HP: 39/39 MP: 9/9
  2897 | D:4      | Noticed an angel
  2898 | D:4      | Found a glowing silver altar of Zin.
  2898 | D:4      | Found a shimmering altar of Xom.
  2943 | D:4      | Reached skill level 9 in Bows
  3525 | D:4      | Noticed Prince Ribbit
  3548 | D:4      | Killed Prince Ribbit
  3548 | D:4      | Reached skill level 4 in Dodging
  3837 | D:4      | Reached XP level 7. HP: 44/44 MP: 11/11
  3960 | D:5      | Entered Level 5 of the Dungeon
  3981 | D:5      | Reached skill level 5 in Dodging
  4123 | D:5      | Found a snail-covered altar of Cheibriados.
  4254 | D:5      | Found a bloodstained altar of Trog.
  4287 | D:5      | Reached skill level 10 in Bows
  4405 | D:5      | Noticed a wizard
  4409 | D:5      | Killed a wizard
  4429 | D:6      | Noticed Econoterrorist's ghost (experienced TrMo)
  4476 | D:6      | Paralysed by a giant eyeball for 3 turns
  4483 | D:6      | Paralysed by a giant eyeball for 4 turns
  4510 | D:6      | Noticed Eustachio
  4574 | D:6      | Mangled by Econoterrorist's ghost

Vanquished Creatures
  Prince Ribbit (D:4)
  An ogre (D:5)
  A goliath beetle (D:5)
  2 orc priests (D:3)
  2 jellies (D:5)
  2 iguanas (D:4)
  A worker ant (D:4)
  9 adders
  3 gnolls (D:3)
  A shadow imp (D:6)
  3 worms
  A grey rat (D:6)
  3 giant eyeballs
  2 giant geckos
  10 orcs
  4 hobgoblins
  10 jackals (D:1)
  10 kobolds
  A quokka (D:4)
  A ball python (D:5)
  5 bats
  2 giant cockroaches (D:2)
  4 giant newts
  12 goblins
  A goblin skeleton (D:4)
  A kobold skeleton (D:5)
  2 orc skeletons
  An orc zombie (D:5)
  8 rats
104 creatures vanquished.

Vanquished Creatures (others)
  A wizard (D:5)
1 creature vanquished.

Grand Total: 105 creatures vanquished
